 Dungeon Crawl Stone Soup version 0.27.1-34-g3ba077fa99 (webtiles) character file.

Game seed: 3332648661371372273

14 Ijustatesigmund the Skirmisher (level 2, 0/19 HPs)
             Began as a Gargoyle Fighter on Jan 28, 2022.
             Frozen to death by an endoplasm (5 damage)
             ... on level 1 of the Dungeon.
             The game lasted 00:00:54 (896 turns).

Ijustatesigmund the Skirmisher (Gargoyle Fighter)    Turns: 896, Time: 00:00:54

Health: 0/19       AC: 11    Str: 19    XL:     2   Next: 41%
Magic:  2/2        EV:  5    Int:  8    God:
Gold:   20         SH:  9    Dex:  9    Spells: 1/1 levels left

rFire    . . .     SeeInvis .   a - +0 flail
rCold    . . .     Faith    .   c - +0 kite shield
rNeg     + . .     Spirit   .   b - +0 chain mail
rPois    ∞         Reflect  .   (no helmet)
rElec    +         Harm     .   (no cloak)
rCorr    .         Rampage  .   (no gloves)
Will     .....                  (no boots)
Stlth    ..........             (no amulet)
HPRegen  0.06/turn              (no ring)
MPRegen  0.08/turn              (no ring)

@: no status effects
A: sickness immunity, AC +2, negative energy resistance 1, electricity
resistance, torment resistance 1, petrification resistance
a: no special abilities


You were on level 1 of the Dungeon.
You visited 1 branch of the dungeon, and saw 1 of its levels.

You collected 20 gold pieces.

Inventory:

Hand Weapons
 a - a +0 flail (weapon)
Armour
 b - a +0 chain mail (worn)
 c - a +0 kite shield (worn)
Scrolls
 e - a scroll of immolation
Potions
 d - a potion of might
 f - a potion of invisibility {unknown}


   Skills:
 + Level 3.5 Fighting
 * Level 2.7 Maces & Flails
 - Level 3.2 Armour
 - Level 3.2 Shields


You had one spell level left.
You didn't know any spells.
Your spell library contained the following spells:

 Spells                   Type           Power      Damage    Failure   Level
 Animate Skeleton         Necr           0%         N/A       100%        1
 Apportation              Tloc           0%         N/A       100%        1
 Corona                   Hex            0%         N/A       100%        1
 Summon Small Mammal      Summ           0%         N/A       100%        1


Dungeon Overview and Level Annotations

Branches:
Dungeon (1/15)

Altars:


Innate Abilities, Weirdness & Mutations

You are immune to sickness and miasma.
Your stone body is resilient. (AC +2)
You are immune to poison.
You resist negative energy. (rN+)
You are resistant to electric shocks. (rElec)
You are resistant to unholy torment.
You are immune to petrification.


Message History

You closely miss the jackal.
The jackal is almost dead.
The jackal barely misses you.
The jackal bites you but does no damage. x2
The jackal closely misses you.
You sock the jackal!
You kill the jackal!
The jackal bites you but does no damage. x2
You block the endoplasm's attack.
The jackal bites you but does no damage.
You hit the endoplasm.
The endoplasm is moderately wounded.
The jackal bites you but does no damage.
The endoplasm freezes you.
You are frozen.
The jackal bites you.
You hit the endoplasm but do no damage.
The endoplasm is moderately wounded.
The endoplasm freezes you.
You are frozen.
The jackal bites you but does no damage.
The endoplasm freezes you.
You are frozen.
The jackal bites you but does no damage.
The jackal bites you.
* * * LOW HITPOINT WARNING * * *
You barely miss the jackal. The jackal barely misses you.
The jackal bites you but does no damage.
You sock the jackal!
You kill the jackal!
You block the endoplasm's attack.
You sock the endoplasm!
You kill the endoplasm!
You sock the endoplasm!
You kill the endoplasm!
You block the endoplasm's attack.
You hit the endoplasm.
The endoplasm is almost dead.
The endoplasm freezes you.
You are frozen.
You die...

#..#... ######.
#..#########...#..
#..............#.######
####.#...........#......#
.....#.###......##......#
######.# #.........J....#
#......# #.......##.....#
#.####.# #.....#J# ....+
#.# #.# #######@# ...#
#.# ### #.....#.# ..# #.#
#.#####.# .# #.########.#
#.. + ......)....# ###
..##.#######
..##.###########
..#.........P≈≈#
......###.##≈≈P#


You could see an endoplasm.

Vanquished Creatures
  A ball python (D:1)
  2 endoplasms (D:1)
  2 hobgoblins (D:1)
  2 jackals (D:1)
  A quokka (D:1)
  2 kobolds (D:1)
  A rat (D:1)
11 creatures vanquished.

Notes
Turn   | Place    | Note
-------+----------+-------------------------------------------
     0 | D:1      | Ijustatesigmund the Gargoyle Fighter began the quest for
                  | the Orb.
     0 | D:1      | Reached XP level 1. HP: 14/14 MP: 1/1
   354 | D:1      | Found a faded altar of an unknown god.
   514 | D:1      | Reached XP level 2. HP: 9/19 MP: 2/2
   896 | D:1      | Frozen to death by an endoplasm

Illustrated notes

Levels and vault maps discovered:
D:1:      psy_arrival_conway, layout_basic, hellmonk_ecumenical_altar_blasted

Action                   || total
-------------------------++-------
Melee: Flail             ||    52
Armor: Scale mail        ||    23
       Chain mail        ||    13
Dodge: Dodged            ||    16
Block: Kite shield       ||    31
